[Event "4NCL 2019-20"]
[Site "Daventry"]
[Date "2020.02.09"]
[Round "6"]
[White "Ivell, Nicholas W"]
[Black "Evans, Craig"]
[Result "1-0"]
[ECO "B13"]
[WhiteElo "2177"]
[BlackElo "2003"]
[Annotator "ChessBase"]
[PlyCount "61"]
[EventDate "2020.01.11"]
[EventCountry "ENG"]
[SourceTitle "playchess.com"]
[Source "ChessBase"]
[SourceQuality "1"]
[TimeControl "40/6000:3000+30"]

1. e4 c6 2. d4 d5 3. exd5 cxd5 4. Bd3 Nc6 5. c3 g6 6. Nf3 Bg7 7. O-O Nf6 8. Re1 O-O 9. Nbd2 Bf5 10. Bxf5 gxf5 11. Nf1 e6 12. Ng3 Ne4 13. Nh5 Rc8 14. Bf4 f6 15. Nh4 Qd7 16. f3 Ng5 17. Qd3 Qf7 18. Ng3 Rfe8 19. Re2 Ne7 20. Rae1 Ng6 21. Nxg6 hxg6 22. Bxg5 fxg5 23. Nh1 Rc6 24. Nf2 Bf6 25. Qd2 Qh7 26. Nd3 Qh4 27. Ne5 Bxe5 28. Rxe5 Kf7 29. Qe2 Rd8 30. g3 Qh8 31. Rxe6 1-0

[Event "4NCL 2019-20"]
[Site "Daventry"]
[Date "2020.02.09"]
[Round "6"]
[White "Gallagher, Daniel GH"]
[Black "Abbas, Daniel"]
[Result "1-0"]
[ECO "B40"]
[WhiteElo "2171"]
[BlackElo "2251"]
[Annotator "ChessBase"]
[PlyCount "68"]
[EventDate "2020.01.11"]
[EventCountry "ENG"]
[SourceTitle "playchess.com"]
[Source "ChessBase"]
[SourceQuality "1"]
[TimeControl "40/6000:3000+30"]

1. e4 c5 2. Nf3 e6 3. b3 a6 4. Bb2 Nc6 5. c4 Qc7 6. g3 Nf6 7. Nc3 Rb8 8. Bg2 Be7 9. O-O b5 10. d3 d6 11. Nh4 O-O 12. f4 Nd7 13. Nf3 Bf6 14. Qd2 Nd4 15. Kh1 Rb6 16. Rac1 Bb7 17. Nxd4 cxd4 18. Ne2 bxc4 19. Rxc4 Qb8 20. Bxd4 d5 21. exd5 exd5 22. Rcc1 Re6 23. Bxf6 Nxf6 24. Nd4 Re7 25. h3 Rfe8 26. Rfe1 g6 27. Rxe7 Rxe7 28. Nc6 Bxc6 29. Rxc6 Nh5 30. Kh2 d4 31. Rxa6 Kg7 32. Ra4 Qe8 33. Qb4 Re2 34. Qxd4+ f6 1-0

[Event "4NCL 2019-20"]
[Site "Daventry"]
[Date "2020.02.09"]
[Round "6"]
[White "French, Max"]
[Black "Zhou, Yang-Fan"]
[Result "1/2-1/2"]
[ECO "E92"]
[WhiteElo "2168"]
[BlackElo "2433"]
[Annotator "ChessBase"]
[PlyCount "63"]
[EventDate "2020.01.11"]
[EventCountry "ENG"]
[SourceTitle "playchess.com"]
[Source "ChessBase"]
[SourceQuality "1"]
[TimeControl "40/6000:3000+30"]

1. d4 Nf6 2. c4 g6 3. Nc3 Bg7 4. e4 O-O 5. Be2 d6 6. Be3 Na6 7. Nf3 e5 8. d5 Ng4 9. Bg5 f6 10. Bh4 Qe8 11. Nd2 f5 12. Bxg4 fxg4 13. Bg5 Nc5 14. Qe2 a5 15. O-O Rf7 16. f3 h6 17. Be3 h5 18. Rf2 Qe7 19. Raf1 Bd7 20. fxg4 Rxf2 21. Rxf2 hxg4 22. g3 a4 23. Ndb1 Ra6 24. Na3 Rb6 25. Nab5 c6 26. Bxc5 dxc5 27. Nxa4 Ra6 28. d6 Qg5 29. Nxc5 cxb5 30. Nxa6 bxa6 31. cxb5 axb5 32. Qc2 1/2-1/2

[Event "4NCL 2019-20"]
[Site "Daventry"]
[Date "2020.02.09"]
[Round "6"]
[White "Sucikova, Svetlana"]
[Black "Bhatia, Kanwal K"]
[Result "1-0"]
[ECO "A22"]
[WhiteElo "2160"]
[BlackElo "2037"]
[Annotator "ChessBase"]
[PlyCount "59"]
[EventDate "2020.01.11"]
[EventCountry "ENG"]
[SourceTitle "playchess.com"]
[Source "ChessBase"]
[SourceQuality "1"]
[TimeControl "40/6000:3000+30"]

1. e3 e5 2. c4 Nf6 3. Nc3 d5 4. cxd5 Nxd5 5. Bc4 Nb6 6. Bb3 Nc6 7. Qf3 Qe7 8. a3 g6 9. h4 h5 10. Nh3 Bg4 11. Qg3 Nd4 12. exd4 exd4+ 13. Kf1 dxc3 14. dxc3 O-O-O 15. Be3 Be6 16. Bc2 Bg7 17. Kg1 Rd7 18. Re1 Nc4 19. Bc1 Qc5 20. Ng5 Bg4 21. Kh2 Rhd8 22. Rhf1 Nd2 23. Rg1 Bf8 24. Kh1 Qb6 25. Qf4 Bc5 26. Ba4 Rd5 27. Bxd2 Rxd2 28. Nxf7 Rxf2 29. Qg5 Rxf7 30. Qxd8+ 1-0

[Event "4NCL 2019-20"]
[Site "Daventry"]
[Date "2020.02.09"]
[Round "6"]
[White "Maciol, Ryszard"]
[Black "Carleton, John J"]
[Result "1/2-1/2"]
[ECO "E51"]
[WhiteElo "2158"]
[BlackElo "2238"]
[Annotator "ChessBase"]
[PlyCount "67"]
[EventDate "2020.01.11"]
[EventCountry "ENG"]
[SourceTitle "playchess.com"]
[Source "ChessBase"]
[SourceQuality "1"]
[TimeControl "40/6000:3000+30"]

1. d4 d5 2. c4 e6 3. Nc3 Bb4 4. Nf3 Nf6 5. e3 O-O 6. Bd3 Nc6 7. O-O dxc4 8. Bxc4 a6 9. Ne2 Bd6 10. Qc2 b5 11. Bb3 Bb7 12. Bd2 e5 13. dxe5 Nxe5 14. Nxe5 Bxe5 15. Ng3 Ng4 16. Qf5 Bxg3 17. hxg3 Qxd2 18. Qxg4 Qxb2 19. Rac1 Qe5 20. Qf4 Qxf4 21. gxf4 c6 22. Rc5 Rfd8 23. g4 Kf8 24. Kg2 a5 25. Rh1 h6 26. g5 hxg5 27. Re5 c5+ 28. f3 g6 29. Rxc5 g4 30. e4 Rd7 31. Rxb5 Kg7 32. Rd1 Rxd1 33. Bxd1 Rd8 34. Rxb7 1/2-1/2

[Event "4NCL 2019-20"]
[Site "Daventry"]
[Date "2020.02.09"]
[Round "6"]
[White "Zulfic, Fedja"]
[Black "House, Glenn L"]
[Result "0-1"]
[ECO "B80"]
[WhiteElo "2156"]
[BlackElo "2239"]
[Annotator "ChessBase"]
[PlyCount "82"]
[EventDate "2020.01.11"]
[EventCountry "ENG"]
[SourceTitle "playchess.com"]
[Source "ChessBase"]
[SourceQuality "1"]
[TimeControl "40/6000:3000+30"]

1. e4 c5 2. Nf3 e6 3. d4 cxd4 4. Nxd4 Nf6 5. Nc3 d6 6. Be3 Be7 7. f3 O-O 8. Qd2 d5 9. e5 Nfd7 10. f4 Nc6 11. O-O-O a6 12. Kb1 Qc7 13. g4 Nxd4 14. Bxd4 b5 15. Bg2 b4 16. Ne2 a5 17. g5 Bb7 18. Rhf1 g6 19. h4 Rfc8 20. h5 Ba6 21. hxg6 hxg6 22. f5 Qxc2+ 23. Qxc2 Rxc2 24. fxe6 fxe6 25. Bh3 Rc6 26. Rf2 Rac8 27. Nf4 Nf8 28. Rg2 a4 29. Rh1 R8c7 30. Rg3 Bc8 31. Bg2 Bc5 32. Bxc5 Rxc5 33. Nd3 Rc4 34. Nf2 Rh7 35. Rd1 Rhh4 36. Bf3 Rcf4 37. Ng4 Rxf3 38. Rxf3 Rxg4 39. Rc1 Bd7 40. Rcf1 Nh7 41. Rf7 Bb5 0-1

[Event "4NCL 2019-20"]
[Site "Daventry"]
[Date "2020.02.09"]
[Round "6"]
[White "Stewart, Ashley"]
[Black "Walton, Alan J"]
[Result "1/2-1/2"]
[ECO "A21"]
[WhiteElo "2152"]
[BlackElo "2123"]
[Annotator "ChessBase"]
[PlyCount "121"]
[EventDate "2020.01.11"]
[EventCountry "ENG"]
[SourceTitle "playchess.com"]
[Source "ChessBase"]
[SourceQuality "1"]
[TimeControl "40/6000:3000+30"]

1. c4 f5 2. g3 Nf6 3. Bg2 d6 4. Nc3 e5 5. e3 Be7 6. Nge2 O-O 7. d3 Qe8 8. O-O Nc6 9. b3 Bd8 10. f4 Qh5 11. Qd2 Re8 12. Nd5 Nxd5 13. cxd5 Ne7 14. Bb2 Ng6 15. e4 fxe4 16. dxe4 Bg4 17. Rae1 exf4 18. Nxf4 Qh6 19. Qb4 Rb8 20. Nxg6 Qxg6 21. e5 dxe5 22. Rxe5 Bf6 23. Rxe8+ Rxe8 24. Bxf6 gxf6 25. Qxb7 Qc2 26. Qc6 Re2 27. Qxc2 Rxc2 28. Rf4 Rc1+ 29. Kf2 Rc2+ 30. Kg1 Rc1+ 31. Rf1 Rc2 32. Rxf6 Rxa2 33. h3 Bd1 34. Rc6 Bxb3 35. Rxc7 Rd2 36. Rc8+ Kg7 37. Rc7+ Kg8 38. Rxa7 Rd1+ 39. Kh2 Bxd5 40. Bxd5+ Rxd5 41. Kg2 Rf5 42. g4 Rb5 43. h4 h5 44. g5 Rb4 45. Kg3 Rg4+ 46. Kh3 Rb4 47. Ra6 Kg7 48. Rh6 Rb3+ 49. Kg2 Rb2+ 50. Kf3 Rb3+ 51. Ke2 Rb4 52. Rxh5 Rb6 53. Kd3 Ra6 54. Kc4 Rc6+ 55. Kd5 Ra6 56. Ke5 Ra5+ 57. Ke6 Ra6+ 58. Kd7 Ra7+ 59. Kc6 Ra6+ 60. Kb7 Re6 61. Ka8 1/2-1/2

[Event "4NCL 2019-20"]
[Site "Daventry"]
[Date "2020.02.09"]
[Round "6"]
[White "Purton, Ben J"]
[Black "Connell, Blair N"]
[Result "1/2-1/2"]
[ECO "C41"]
[WhiteElo "2138"]
[BlackElo "2239"]
[Annotator "ChessBase"]
[PlyCount "34"]
[EventDate "2020.01.11"]
[EventCountry "ENG"]
[SourceTitle "playchess.com"]
[Source "ChessBase"]
[SourceQuality "1"]
[TimeControl "40/6000:3000+30"]

1. e4 d6 2. d4 Nf6 3. Nc3 e5 4. Nf3 Nbd7 5. Bc4 Be7 6. O-O c6 7. a4 Qc7 8. Re1 O-O 9. h3 b6 10. Ba2 a6 11. Be3 Bb7 12. Nh4 g6 13. Nf3 Rfe8 14. Ng5 Rf8 15. Nf3 Rfe8 16. Ng5 Rf8 17. Nf3 Qd8 1/2-1/2

[Event "4NCL 2019-20"]
[Site "Daventry"]
[Date "2020.02.09"]
[Round "6"]
[White "Steil-Antoni, Fiona"]
[Black "Head, Louise"]
[Result "1-0"]
[ECO "B12"]
[WhiteElo "2121"]
[BlackElo "2100"]
[Annotator "ChessBase"]
[PlyCount "65"]
[EventDate "2020.01.11"]
[EventCountry "ENG"]
[SourceTitle "playchess.com"]
[Source "ChessBase"]
[SourceQuality "1"]
[TimeControl "40/6000:3000+30"]

1. e4 c6 2. d4 d5 3. e5 c5 4. dxc5 e6 5. a3 Bxc5 6. Qg4 Bf8 7. Nf3 Ne7 8. Bd3 Qc7 9. Nc3 a6 10. O-O Nd7 11. Re1 b6 12. h4 Bb7 13. Bd2 h5 14. Qg3 g6 15. Nd4 Rg8 16. Ncb5 axb5 17. Nxb5 Qb8 18. Nd6+ Kd8 19. Nxf7+ Ke8 20. Nd6+ Kd8 21. Bg5 Nc5 22. Qf4 Nxd3 23. cxd3 Kd7 24. Rac1 Nf5 25. Nxf5 gxf5 26. Qf3 Qe8 27. d4 Be7 28. Qb3 Bxg5 29. Qxb6 Qb8 30. hxg5 Ra6 31. Qb5+ Rc6 32. Rc3 Rxg5 33. Rxc6 1-0

[Event "4NCL 2019-20"]
[Site "Daventry"]
[Date "2020.02.09"]
[Round "6"]
[White "Pedersen, Carsten"]
[Black "Jackson, Sheila"]
[Result "1-0"]
[ECO "C24"]
[WhiteElo "2073"]
[BlackElo "2064"]
[Annotator "NA RC"]
[PlyCount "117"]
[EventDate "2020.01.11"]
[EventCountry "ENG"]
[SourceTitle "playchess.com"]
[Source "ChessBase"]
[SourceQuality "1"]
[TimeControl "40/6000:3000+30"]

1. e4 e5 2. Bc4 Nf6 3. d3 Bc5 4. Nf3 d6 5. O-O O-O 6. a4 {[%emt 0:02:32] C24: Bishop's Opening: 2...Nf6.} a6 7. Nc3 Nc6 8. Nd5 h6 9. Be3 {[%emt 0:04:30] [#]} Bg4 $146 ({Predecessor:} 9... Be6 10. Qd2 Bxe3 11. Nxe3 Ng4 12. Bxe6 Nxe3 13. Bxf7+ Rxf7 14. Qxe3 Nd4 15. Nxd4 exd4 16. Qxd4 {1-0 (54) Baranyai,A (1542)-Gyorfi,P Hajduszoboszlo 2014}) 10. Bxc5 dxc5 11. Ne3 Bxf3 12. Qxf3 Nd4 13. Qd1 b5 14. Ba2 Qd6 15. c3 Ne6 16. Nf5 Qd7 17. Qf3 Kh7 18. Rfd1 Ne8 19. axb5 Qxb5 20. Nxh6 Ng5 21. Qf5+ Kxh6 22. f4 exf4 23. Qxf4 Qxb2 24. h4 Qxc3 25. hxg5+ Kh7 26. Bxf7 Qd4+ 27. Kh1 g6 28. Qh4+ Kg7 29. Qh6+ Kxf7 30. Rf1+ Nf6 31. Rxf6+ Qxf6 32. Qh7+ Ke6 33. gxf6 Rh8 34. Rxa6+ Ke5 35. Qxh8 Rxh8+ 36. Kg1 Rf8 37. Rc6 Kd4 38. g4 g5 39. Kg2 Kxd3 40. e5 Kd4 41. e6 Rxf6 42. e7 Rxc6 43. e8=Q Rd6 44. Qh8+ Ke4 45. Qh7+ Kd4 46. Qg7+ Kd3 47. Qxg5 c4 48. Qf5+ Kd2 49. Qf4+ Kd3 50. Qf5+ $2 Kd2 51. g5 $18 c3 52. g6 c2 53. g7 c1=Q 54. g8=Q Qc6+ 55. Kf2 Qb6+ 56. Kf1 Qa6+ 57. Kg1 Qa1+ 58. Kg2 Qc3 59. Qa2+ 1-0

[Event "4NCL 2019-20"]
[Site "Daventry"]
[Date "2020.02.09"]
[Round "6"]
[White "Latham, David"]
[Black "Andrzejewska, Anna"]
[Result "1-0"]
[ECO "E01"]
[WhiteElo "2064"]
[BlackElo "1974"]
[Annotator "NA"]
[PlyCount "79"]
[EventDate "2020.01.11"]
[EventCountry "ENG"]
[SourceTitle "playchess.com"]
[Source "ChessBase"]
[SourceQuality "1"]
[TimeControl "40/6000:3000+30"]

1. Nf3 Nf6 2. g3 c5 3. Bg2 d5 4. O-O Nc6 5. d4 e6 6. c4 cxd4 7. cxd5 Nxd5 8. Nxd4 Be7 9. Nxc6 bxc6 10. e4 Nf6 11. Qc2 Bd7 12. Be3 O-O 13. Nc3 e5 14. Na4 Qc7 15. Bc5 Rfe8 16. Rac1 Rac8 17. Rfd1 Be6 18. b3 Bxc5 19. Nxc5 Nd7 20. Nxd7 Bxd7 21. Qc5 Rb8 22. Rd2 Rec8 23. Bf1 Be8 24. Rcd1 Rb6 25. Bc4 h6 26. a4 Rcb8 27. Rd6 Qe7 28. Rxc6 Qxc5 29. Rxc5 Rb4 30. Rdd5 Kh7 31. Rxe5 f6 32. Re7 R4b7 33. Rcc7 Rxc7 34. Rxc7 Bg6 35. f3 a5 36. Kf2 Rd8 37. Bd5 f5 38. Ke3 fxe4 39. fxe4 Rf8 40. Rc5 1-0

[Event "4NCL 2019-20"]
[Site "Daventry"]
[Date "2020.02.09"]
[Round "6"]
[White "Jackson, Carl"]
[Black "Varney, Zoe"]
[Result "0-1"]
[ECO "C30"]
[WhiteElo "2046"]
[BlackElo "2004"]
[Annotator "NA"]
[PlyCount "79"]
[EventDate "2020.01.11"]
[EventCountry "ENG"]
[SourceTitle "playchess.com"]
[Source "ChessBase"]
[SourceQuality "1"]
[TimeControl "40/6000:3000+30"]

1. e4 e5 2. f4 Bc5 3. Nf3 d6 4. Nc3 Bg4 5. h3 Bxf3 6. Qxf3 Nc6 7. Bb5 exf4 8. Na4 Qh4+ 9. Kd1 Nge7 10. Nxc5 dxc5 11. d3 O-O-O 12. Qxf4 Qxf4 13. Bxf4 Nd4 14. a4 Kb8 15. Be3 Nxb5 16. axb5 b6 17. Rf1 f6 18. g4 h6 19. Ke2 c6 20. e5 cxb5 21. exf6 gxf6 22. Rxf6 Nd5 23. Bf4+ Nxf4+ 24. Rxf4 Rd7 25. Raf1 a5 26. Rf6 Kc7 27. Re6 Rd6 28. Rff6 Rxe6+ 29. Rxe6 a4 30. c3 Kb7 31. Ke3 b4 32. cxb4 cxb4 33. Kd4 Rc8 34. Rxh6 a3 35. bxa3 b3 36. Rh7+ Ka6 37. g5 b2 38. g6 b1=Q 39. h4 Qg1+ 40. Ke4 0-1

[Event "4NCL 2019-20"]
[Site "Daventry"]
[Date "2020.02.09"]
[Round "6"]
[White "Ledger, Stephen C"]
[Black "Freeman, Gordon"]
[Result "1/2-1/2"]
[ECO "D02"]
[WhiteElo "2013"]
[BlackElo "2088"]
[Annotator "NA"]
[PlyCount "56"]
[EventDate "2020.01.11"]
[EventCountry "ENG"]
[SourceTitle "playchess.com"]
[Source "ChessBase"]
[SourceQuality "1"]
[TimeControl "40/6000:3000+30"]

1. d4 d5 2. Bf4 c6 3. e3 Nf6 4. Nd2 Bf5 5. c3 e6 6. Ngf3 Bd6 7. Bg3 Bxg3 8. hxg3 Nbd7 9. Be2 Ne4 10. Nh4 Ndf6 11. Nxe4 Bxe4 12. f3 Qc7 13. Rh3 g5 14. fxe4 Nxe4 15. Bd3 gxh4 16. Bxe4 dxe4 17. Qg4 hxg3 18. Qxe4 O-O-O 19. O-O-O h5 20. Rf1 Rd5 21. a3 Rg5 22. Rf4 Qd7 23. Rf3 Rhg8 24. Qh7 R8g7 25. Qh8+ Rg8 26. Qh7 R8g7 27. Qh8+ Rg8 28. Qf6 e5 1/2-1/2

[Event "4NCL 2019-20"]
[Site "Daventry"]
[Date "2020.02.09"]
[Round "6"]
[White "Regan, Natasha K"]
[Black "Ciuksyte, Dagne"]
[Result "0-1"]
[ECO "A02"]
[WhiteElo "1956"]
[BlackElo "2295"]
[Annotator "ChessBase"]
[PlyCount "48"]
[EventDate "2020.01.11"]
[EventCountry "ENG"]
[SourceTitle "playchess.com"]
[Source "ChessBase"]
[SourceQuality "1"]
[TimeControl "40/6000:3000+30"]

1. f4 Nf6 2. Nf3 c5 3. g3 b6 4. Bg2 Bb7 5. d3 d5 6. a4 g6 7. O-O Bg7 8. h3 Nc6 9. Qe1 O-O 10. g4 d4 11. c3 Nd5 12. Bd2 Qd7 13. Na3 Na5 14. Ne5 Bxe5 15. fxe5 Nb3 16. Bh6 Nxa1 17. Bxf8 Rxf8 18. Qxa1 Ne3 19. e6 Qc7 20. exf7+ Kg7 21. Bxb7 Qg3+ 22. Kh1 Qxh3+ 23. Kg1 Qg3+ 24. Kh1 Nxg4 0-1

[Event "4NCL 2019-20"]
[Site "Daventry"]
[Date "2020.02.09"]
[Round "6"]
[White "Benhamida, Aisha"]
[Black "York-Weaving, Anna"]
[Result "1/2-1/2"]
[ECO "B18"]
[WhiteElo "1577"]
[BlackElo "1739"]
[Annotator "NA"]
[PlyCount "50"]
[EventDate "2020.01.11"]
[EventCountry "ENG"]
[SourceTitle "playchess.com"]
[Source "ChessBase"]
[SourceQuality "1"]
[TimeControl "40/6000:3000+30"]

1. e4 c6 2. d4 d5 3. Nd2 dxe4 4. Nxe4 Bf5 5. Ng3 Bg6 6. Nf3 Nd7 7. Bd3 Bxd3 8. Qxd3 e6 9. O-O Ngf6 10. Re1 Be7 11. c3 O-O 12. Bf4 Nd5 13. Bd2 c5 14. c4 N5f6 15. Bc3 Rc8 16. Qe2 Re8 17. Rad1 Qc7 18. b3 Bd6 19. Ne5 Rcd8 20. h3 h6 21. Rd3 cxd4 22. Bxd4 Nxe5 23. Bxe5 Bxe5 24. Rxd8 Rxd8 25. Qxe5 Qd7 1/2-1/2